 Dungeon Crawl Stone Soup version 0.22-a0-757-gdba82d8 (webtiles) character file.

74498 KyrpaJooseppi the Destroyer (level 15, 0/114 HPs)
             Began as a Human Necromancer on July 15, 2018.
             Was a High Priest of Vehumet.
             Slain by a naga warrior
             ... wielding a +0 trident
              (2 damage)
             ... on level 2 of the Snake Pit on July 16, 2018.
             The game lasted 01:50:41 (22199 turns).

KyrpaJooseppi the Destroyer (Human Necromancer)    Turns: 22199, Time: 01:50:41

Health: 0/114      AC: 13    Str: 13    XL:     15   Next: 94%
Magic:  45/48      EV: 14    Int: 22    God:    Vehumet [*****.]
Gold:   1234       SH:  9    Dex: 14    Spells: 0/34 levels left

rFire    . . .     SeeInvis .   a - +7 long sword (flame)
rCold    . . .     Gourm    .   w - +0 buckler
rNeg     . . .     Faith    .   r - +3 troll leather armour
rPois    +         Spirit   .   D - +3 hat of Pondering {ponderous, MR+ MP+10 Int+5}
rElec    .         Reflect  +   (no cloak)
rCorr    .         Harm     .   (no gloves)
MR       ++...                  N - +2 pair of boots
Stlth    ++........             m - +4 amulet of reflection
HPRegen  0.69/turn              P - ring of poison resistance
MPRegen  0.31/turn              y - ring of magical power

@: lethally poisoned (0 -> 0), constricted, slow
A: no striking features
a: Renounce Religion


You were on level 2 of the Snake Pit.
You worshipped Vehumet.
Vehumet was extremely pleased with you.
You were not hungry.

You visited 3 branches of the dungeon, and saw 22 of its levels.
You also visited: Labyrinth and Sewer.

You collected 1566 gold pieces.
You spent 332 gold pieces at shops.

Inventory:

Hand Weapons
 a - a +7 long sword of flaming (weapon)
 b - a +0 blowgun
Missiles
 k - 5 curare-tipped needles
Armour
 r - a +3 troll leather armour (worn)
 w - a +0 buckler (worn)
 D - the +3 hat of Pondering (worn) {ponderous, MR+ MP+10 Int+5}
   (You took it off Gastronok on level 12 of the Dungeon)

   It affects your intelligence (+5).
   It affects your resistance to hostile enchantments.
   It affects your magic capacity (+10).
 N - a +2 pair of boots (worn)
Magical Staves
 e - an uncursed staff of energy
Jewellery
 m - a +4 amulet of reflection (around neck)
 y - a ring of magical power (right hand)
 I - an uncursed ring of see invisible
 J - an uncursed ring of protection from cold
 K - an uncursed ring of resist corrosion
 P - a ring of poison resistance (left hand)
 V - an uncursed amulet of rage
Wands
 o - a wand of polymorph (10)
 F - a wand of paralysis (31)
Scrolls
 c - 4 scrolls of immolation
 d - 7 scrolls of remove curse
 h - 2 scrolls of fear
 i - 6 scrolls of teleportation
 n - 5 scrolls of magic mapping
 q - 5 scrolls of fog
 s - 9 scrolls of identify
 u - a scroll of vulnerability
 v - 2 scrolls of holy word
 H - a scroll of blinking
 L - 2 scrolls of noise
 M - a scroll of amnesia
Potions
 g - a potion of might
 j - a potion of flight
 l - 3 potions of lignification
 p - 9 potions of curing
 t - 2 potions of ambrosia
 A - 3 potions of heal wounds
 B - a potion of cancellation
 C - 3 potions of magic
 E - 2 potions of haste
Miscellaneous
 f - a fan of gales
Comestibles
 x - 15 rations
 z - 4 chunks of flesh


   Skills:
 - Level 9.5 Fighting
 - Level 7.6 Long Blades
 - Level 4.0 Armour
 - Level 9.7 Dodging
 - Level 2.0 Stealth
 - Level 4.0 Shields
 - Level 10.0 Spellcasting
 + Level 13.1 Conjurations
 - Level 3.0 Charms
 - Level 11.1 Necromancy
 - Level 6.0 Ice Magic
 - Level 3.7 Air Magic
 - Level 4.2 Evocations


You couldn't memorise any spells.
You knew the following spells:

 Your Spells              Type           Power        Failure   Level  Hunger
a - Animate Dead          Necr           N/A          1%          4    ##.....
c - Bolt of Cold          Conj/Ice       ######....   6%          6    ######.
i - Iskenderun's Battles  Conj/Chrm      #####...     2%          5    ####...
j - Freezing Cloud        Conj/Ice/Air   #####.....   13%         6    ######.
o - Orb of Destruction    Conj           ######....   8%          7    #######
r - Regeneration          Chrm/Necr      #####.....   1%          3    None
v - Vampiric Draining     Necr           ######....   1%          3    None

Your spell library contained the following spells:

 Spells                   Type           Power        Failure   Level  Hunger
 Cause Fear               Hex            ##........   58%         4    ##.....
 Magic Dart               Conj           ####         1%          1    None
 Conjure Flame            Conj/Fire      #####...     1%          3    None
 Lightning Bolt           Conj/Air       #####.....   1%          5    ####...
 Bolt of Magma            Conj/Fire/Erth ####......   10%         5    ####...
 Slow                     Hex            ##......     11%         2    None
 Confuse                  Hex            ##......     22%         3    None
 Mephitic Cloud           Conj/Pois/Air  #####...     1%          3    None
 Ring of Flames           Chrm/Fire      ###.......   100%        7    #######
 Venom Bolt               Conj/Pois      #####.....   4%          5    ####...
 Blink                    Tloc           N/A          11%         2    None
 Pain                     Necr           ####         1%          1    None
 Animate Skeleton         Necr           N/A          1%          1    None
 Summon Ice Beast         Ice/Summ       ###.....     22%         4    ##.....
 Ozocubu's Armour         Chrm/Ice       ####....     3%          3    None
 Call Imp                 Summ           ##......     11%         2    None
 Tukima's Dance           Hex            ##......     22%         3    None
 Iron Shot                Conj/Erth      #####.....   19%         6    ######.
 Shock                    Conj/Air       ####         1%          1    None
 Swiftness                Chrm/Air       ####....     2%          2    None
 Airstrike                Air            ####......   4%          4    ##.....
 Ensorcelled Hibernation  Hex/Ice        ###...       3%          2    None
 Static Discharge         Conj/Air       #####...     1%          3    None
 Corona                   Hex            ##.....      8%          1    None
 Portal Projectile        Hex/Tloc       ##....       22%         3    None
 Leda's Liquefaction      Hex/Erth       ##........   58%         4    ##.....
 Inner Flame              Hex/Fire       ##......     6%          3    None
 Dazzling Spray           Conj/Hex       #####.       1%          3    None
 Summon Lightning Spire   Summ/Air       ###.....     34%         4    ##.....
 Spellforged Servitor     Conj/Summ      #####.....   67%         7    #######
 Poisonous Vapours        Pois/Air       ###...       5%          2    None


Dungeon Overview and Level Annotations

Branches:
Dungeon (14/15)            Temple (0/1) D:7            Lair (6/6) D:11
  Swamp (0/4) Lair:4        Snake (2/4) Lair:4        Slime (0/5) Lair:6
    Orc (0/2) D:9
 Vaults: D:13-14

Altars:
Ashenzari
Dithmenos
Fedhas
Gozag
Hepliaklqana
Makhleb
Nemelex Xobeh
Qazlal
Trog
Uskayaw
Vehumet
Wu Jian
Xom
Zin
The Shining One

Shops:
D:6 %   D:8 (}(   D:12 [   Snake:1 *

Portals:
Hell: Lair:6

Annotations:
Snake:2 1 transporter


Message History

A sea snake comes into view.
The sea snake is engulfed in freezing vapours.
The sea snake bites you!!
* * * LOW HITPOINT WARNING * * *
Your guardian serpent zombie barely misses the naga warrior.
The sea snake is engulfed in freezing vapours.
The sea snake hisses angrily.
Unknown command.
You feel much better.
You are engulfed in freezing vapours.
* * * LOW HITPOINT WARNING * * *
You feel sick.
Your naga zombie crumbles into dust!
The sea snake is engulfed in freezing vapours.
The naga warrior is engulfed in freezing vapours.
You block the naga warrior's attack.
The naga warrior hits your guardian serpent zombie with a battleaxe.
Your guardian serpent zombie hits the naga warrior!
The naga warrior is engulfed in freezing vapours.
You block the naga warrior's attack.
You die...

.......#
.......#### ≈≈≈≈
..###.....### ≈≈≈≈
### ###.#.).###
≈≈≈S≈ #Z###.Z.#
≈≈≈≈≈ #.#####Z##
≈≈P≈.≈
#..####..###≈..P..
##....##.§NS§.....
####.###Z@SS...(.
#.###.NN§..###
#...S.##....#
##....# ###..#
##...# [. ##>####
. #....# #....###
#....Z.##


You could see 3 naga warriors, 4 sea snakes, a shock serpent, 2 friendly naga
zombies and a friendly guardian serpent zombie.

Vanquished Creatures
  Kirke (Snake:1)
  Gastronok (D:12)
  Aizul (Snake:1)
  A dire elephant (Lair:6)
  A minotaur (Lab)
  Erolcha (D:12)
  5 hydras
  Fannar (D:11)
  A centaur warrior (D:13)
  4 two-headed ogres
  7 death yaks
  3 tengu warriors
  2 anacondas
  4 naga sharpshooters (Snake:1)
  A sixfirhy (Lair:6)
  A wizard (Lair:6)
  A death drake (D:12)
  A naga ritualist (Snake:2)
  Pikel (D:5)
  A harpy (D:13)
  4 lindwurms (Lair:3)
  An oklob plant (Lair:6)
  A manticore (D:11)
  An ugly thing (D:13)
  2 mana vipers
  2 elephants (Lair:4)
  A salamander (Snake:2)
  3 cyclopes
  3 naga magi (Snake:1)
  10 black mambas
  2 guardian serpents (Snake:2)
  12 spiny frogs
  An orange demon (Lair:6)
  A hellwing (Lair:6)
  6 rime drakes
  3 komodo dragons
  2 ice devils (Lair:6)
  4 trolls
  A polar bear (Lair:6)
  Grinder (D:6)
  9 dream sheep (Lair:5)
  17 blink frogs
  4 hippogriffs
  2 wyverns
  4 wraiths (D:12)
  A shadow (D:12)
  17 yaks
  5 hogs (Snake:1)
  A basilisk (Lair:4)
  2 hungry ghosts (D:7)
  A warg (D:11)
  10 nagas
  Duvessa (D:6)
  An acid dragon (D:13)
  13 water moccasins
  4 hell hounds (Lair:6)
  Edmund (D:6)
  4 porcupines
  5 orc warriors
  6 sky beasts
  3 black bears
  3 ice beasts
  An eye of draining (D:7)
  7 centaurs
  11 wolves (Lair:3)
  6 ogres
  4 crocodiles
  4 big kobolds
  A wyvern zombie (D:13)
  14 bullfrogs
  3 scorpions
  Dowan (D:6)
  11 killer bees (D:11)
  13 wights
  An electric eel (Lair:4)
  5 howler monkeys
  4 crimson imps
  8 jellies (Lair:6)
  3 centaur skeletons
  4 centaur zombies
  5 hounds
  8 orc priests
  2 bullfrog skeletons
  4 orc wizards
  3 iguanas
  Terence (D:2)
  5 worker ants
  2 hell rats (Lair:4)
  2 hound skeletons
  2 gnolls (D:8)
  2 river rats (D:3)
  12 adders
  4 shadow imps
  5 oozes
  6 worms
  A dart slug (D:3)
  5 leopard geckos
  27 orcs
  10 bats
  3 giant cockroaches
  12 hobgoblins
  2 jackals (D:6)
  5 quokkas
  5 ball pythons
  8 frilled lizards
  16 goblins
  24 kobolds
  2 leopard gecko skeletons
  A leopard gecko zombie (D:7)
  A quokka skeleton (D:4)
  A quokka zombie (D:8)
  10 rats
  A fungus (Lair:6)
512 creatures vanquished.

Vanquished Creatures (collateral kills)
  A naga warrior (Snake:2)
  A death yak (Lair:6)
  A tengu warrior (D:13)
  A shock serpent (Snake:1)
  2 harpies (D:13)
  A mana viper (Snake:1)
  3 elephants
  3 black mambas (Snake:1)
  A naga mage (Snake:2)
  A spiny frog (Lair:6)
  A komodo dragon (Lair:2)
  A troll (D:12)
  A polar bear (Lair:2)
  2 dream sheep (Lair:5)
  2 hippogriffs
  3 blink frogs
  13 yaks
  A wyvern (Lair:2)
  A steam dragon (Lair:4)
  2 hogs (Snake:1)
  A basilisk (Lair:2)
  A warg (D:11)
  6 water moccasins
  A soldier ant (D:11)
  4 nagas
  A porcupine (Lair:5)
  2 ogres
  A wolf (Lair:3)
  A necrophage (D:11)
  2 crocodiles
  A gnoll sergeant (D:8)
  4 bullfrogs
  A crimson imp (D:8)
  5 jellies
  3 centaur zombies
  2 orc wizards (D:11)
  2 orc priests (D:11)
  An iguana (D:11)
  A hell rat (Lair:4)
  2 gnolls (D:8)
  6 orcs
  5 fungi
  2 plants
97 creatures vanquished.

Vanquished Creatures (others)
  An elephant (Lair:4)
  2 blink frogs (Lair:6)
  A dream sheep (Lair:5)
  3 hell rats (Lair:4)
  An adder (D:6)
  4 fungi
  14 plants
26 creatures vanquished.

Grand Total: 635 creatures vanquished

Notes
Turn   | Place    | Note
-------+----------+-------------------------------------------
     0 | D:1      | KyrpaJooseppi the Human Necromancer began the quest for the Orb.
     0 | D:1      | Reached XP level 1. HP: 13/13 MP: 3/3
   435 | D:1      | Reached XP level 2. HP: 19/19 MP: 2/5
  1310 | D:2      | Reached XP level 3. HP: 14/24 MP: 0/7
  1389 | D:2      | Learned a level 3 spell: Vampiric Draining
  1393 | D:2      | Learned a level 3 spell: Regeneration
  1445 | D:2      | Noticed Terence
  1459 | D:2      | Killed Terence
  1459 | D:2      | Reached XP level 4. HP: 27/30 MP: 0/8
  2130 | D:2      | Found a shattered altar of Ashenzari.
  2130 | D:2      | Found a glowing golden altar of the Shining One.
  2138 | D:2      | Found a faded altar of an unknown god.
  2195 | D:2      | Found a faded altar of an unknown god.
  2197 | D:2      | Found a hide-covered altar of Uskayaw.
  2459 | D:3      | Reached XP level 5. HP: 35/35 MP: 9/9
  2508 | D:3      | Found an ornate altar of the Wu Jian Council.
  2615 | D:3      | Found a shadowy altar of Dithmenos.
  2727 | D:3      | Found a glowing drain.
  2766 | D:3      | Reached skill level 5 in Necromancy
  2795 | Sewer    | Entered a sewer
  2832 | Sewer    | Noticed a big kobold
  2835 | Sewer    | Reached XP level 6. HP: 39/41 MP: 10/10
  3114 | Sewer    | Learned a level 4 spell: Animate Dead
  3201 | D:3      | Found a faded altar of an unknown god.
  3361 | D:3      | Reached XP level 7. HP: 44/46 MP: 11/11
  3878 | D:4      | Reached skill level 1 in Evocations
  3940 | D:4      | Found an opulent altar of Gozag.
  4487 | D:4      | Upgraded the game from 0.22-a0-750-ga7dcef7 to 0.22-a0-757-gdba82d8
  4637 | D:5      | Entered Level 5 of the Dungeon
  4782 | D:5      | Reached XP level 8. HP: 52/52 MP: 9/12
  5153 | D:5      | Found a hazy altar of Hepliaklqana.
  5712 | D:6      | Found Keng's Food Boutique.
  5725 | D:6      | Noticed Dowan
  5729 | D:6      | Noticed Duvessa
  5732 | D:6      | Killed Dowan
  5747 | D:6      | Killed Duvessa
  5892 | D:6      | Found a radiant altar of Vehumet.
  5892 | D:6      | Found a bloodstained altar of Trog.
  5898 | D:6      | Noticed Pikel
  5900 | D:6      | Became a worshipper of Vehumet
  6035 | D:5      | Killed Pikel
  6035 | D:5      | Reached skill level 10 in Necromancy
  6035 | D:5      | Reached XP level 9. HP: 45/57 MP: 9/13
  6097 | D:6      | Noticed Edmund
  6107 | D:6      | Killed Edmund
  6202 | D:6      | Noticed Grinder
  6292 | D:6      | Paralysed by Grinder for 3 turns
  6300 | D:6      | Killed Grinder
  6767 | D:6      | Reached skill level 1 in Fighting
  7626 | D:7      | Reached XP level 10. HP: 63/67 MP: 16/16
  7880 | D:7      | Reached * piety under Vehumet
  7880 | D:7      | Offered knowledge of Sandblast by Vehumet.
  7964 | D:7      | Reached skill level 5 in Spellcasting
  8154 | D:7      | Found a staircase to the Ecumenical Temple.
  8308 | D:8      | Found Byeshre's Gadget Boutique.
  8311 | D:8      | Bought a wand of iceblast (13) for 170 gold pieces
  8313 | D:8      | Found Ajaet's Weapon Shoppe.
  8327 | D:8      | Noticed a two-headed ogre
  8331 | D:8      | Killed a two-headed ogre
  8495 | D:5      | Reached skill level 1 in Armour
  8674 | D:8      | Found a shimmering altar of Xom.
  8843 | D:8      | Found Raxkaogg's Weapon Shop.
  8883 | D:8      | Found a blossoming altar of Fedhas.
  8883 | D:8      | Found a stormy altar of Qazlal.
  9098 | D:8      | Found a glowing silver altar of Zin.
  9315 | D:9      | Offered knowledge of Throw Frost by Vehumet.
  9340 | D:9      | Reached ** piety under Vehumet
  9445 | D:9      | Found a staircase to the Orcish Mines.
  9753 | D:9      | Reached XP level 11. HP: 51/77 MP: 21/21
 10019 | D:10     | Entered Level 10 of the Dungeon
 10113 | D:10     | Reached skill level 5 in Dodging
 10188 | D:10     | Offered knowledge of Ignite Poison by Vehumet.
 10305 | D:10     | Reached skill level 5 in Fighting
 10351 | D:10     | Reached *** piety under Vehumet
 10714 | D:11     | Noticed Fannar
 10717 | D:11     | Noticed a manticore
 10721 | D:11     | Killed Fannar
 10882 | D:11     | Killed a manticore
 10983 | D:11     | Noticed a two-headed ogre
 10984 | D:11     | Found a staircase to the Lair.
 10986 | D:11     | Offered knowledge of Mephitic Cloud by Vehumet.
 11004 | D:11     | Killed a two-headed ogre
 11391 | D:11     | Reached **** piety under Vehumet
 11409 | D:11     | Noticed a two-headed ogre
 11416 | D:11     | Killed a two-headed ogre
 11418 | D:11     | Offered knowledge of Fulminant Prism by Vehumet.
 11420 | D:11     | Reached XP level 12. HP: 74/92 MP: 17/22
 11833 | D:12     | Found Osauwe Voiqi's Armour Shoppe.
 11841 | D:12     | Bought a +0 helmet for 81 gold pieces
 11841 | D:12     | Bought a +0 buckler for 81 gold pieces
 11869 | D:12     | Noticed Nessos
 11871 | D:12     | Noticed Nessos
 11871 | D:12     | Nessos changed into Nessos the elephant
 11880 | D:12     | Killed Nessos the elephant
 11880 | D:12     | Reached skill level 1 in Shields
 11903 | D:12     | Noticed a two-headed ogre
 11917 | D:12     | Killed a two-headed ogre
 12159 | D:12     | Noticed Gastronok
 12182 | D:12     | Killed Gastronok
 12231 | D:12     | Noticed Josephine
 12233 | D:12     | Noticed Josephine
 12233 | D:12     | Josephine changed into Josephine the death drake
 12249 | D:12     | Killed Josephine the death drake
 12383 | D:12     | Noticed Erolcha
 12384 | D:12     | Paralysed by Erolcha for 7 turns
 12400 | D:12     | Killed Erolcha
 12843 | D:12     | Reached ***** piety under Vehumet
 13001 | D:13     | Found a sparkling altar of Nemelex Xobeh.
 13096 | D:13     | Noticed an eight-headed hydra
 13112 | D:13     | Killed an eight-headed hydra
 13113 | D:13     | Noticed a centaur warrior
 13128 | D:13     | Killed a centaur warrior
 13231 | D:13     | Offered knowledge of Iskenderun's Battlesphere by Vehumet.
 13238 | D:13     | Learned a level 5 spell: Iskenderun's Battlesphere
 13368 | D:13     | Reached XP level 13. HP: 72/101 MP: 23/23
 13405 | D:13     | Reached skill level 5 in Long Blades
 13727 | D:13     | Reached skill level 1 in Conjurations
 13811 | D:13     | Reached skill level 2 in Conjurations
 13862 | D:13     | Reached skill level 3 in Conjurations
 14089 | Lair:1   | Entered Level 1 of the Lair of Beasts
 14125 | Lair:1   | Reached skill level 4 in Conjurations
 14211 | Lair:1   | Found a labyrinth entrance.
 14217 | Lab      | Entered a labyrinth
 14348 | Lab      | Noticed a minotaur
 14362 | Lab      | Killed a minotaur
 14374 | Lab      | Got a wavering granite ring
 14377 | Lab      | Identified the ring of Past Mistakes {Ice rN+ Int+3} (You found it in a labyrinth)
 14967 | Lair:2   | Learned a level 7 spell: Orb of Destruction
 14972 | Lair:2   | Reached skill level 5 in Conjurations
 15081 | Lair:2   | Learned a level 3 spell: Conjure Flame
 15880 | Lair:3   | Reached skill level 6 in Conjurations
 16304 | Lair:3   | Reached XP level 14. HP: 88/108 MP: 26/26
 16309 | Lair:3   | Reached skill level 7 in Conjurations
 16330 | Lair:3   | Identified the Catalogue of Gliding Cold
 16638 | Lair:4   | Offered knowledge of Bolt of Fire by Vehumet.
 16817 | Lair:4   | Found a staircase to the Swamp.
 17087 | Lair:4   | Reached skill level 8 in Conjurations
 17124 | Lair:4   | Learned a level 6 spell: Freezing Cloud
 17209 | Lair:4   | Found a staircase to the Snake Pit.
 17321 | Lair:4   | Noticed Harold
 17322 | Lair:4   | Noticed Harold
 17322 | Lair:4   | Harold changed into Harold the elephant
 17333 | Lair:4   | Killed Harold the elephant
 17829 | Lair:5   | Reached skill level 9 in Conjurations
 18060 | Lair:5   | Reached skill level 10 in Spellcasting
 18393 | Lair:5   | Reached skill level 10 in Conjurations
 18843 | Lair:6   | Entered Level 6 of the Lair of Beasts
 18912 | Lair:6   | Reached skill level 1 in Ice Magic
 18912 | Lair:6   | Reached skill level 1 in Air Magic
 19112 | Lair:6   | Reached XP level 15. HP: 85/114 MP: 29/29
 19221 | Lair:6   | Offered knowledge of Bolt of Cold by Vehumet.
 19240 | Lair:6   | Found a staircase to the Slime Pits.
 19616 | Lair:6   | Learned a level 6 spell: Bolt of Cold
 19985 | Lair:6   | Found a burning altar of Makhleb.
 19992 | Lair:6   | Reached skill level 5 in Ice Magic
 20219 | Lair:6   | Found a gateway to Hell.
 20362 | Snake:1  | Entered Level 1 of the Snake Pit
 20497 | Snake:1  | Reached skill level 11 in Conjurations
 20505 | Snake:1  | Found a hazy altar of Hepliaklqana.
 20512 | Snake:1  | Noticed Kirke
 20607 | Snake:1  | Killed Kirke
 20888 | Snake:1  | Noticed Aizul
 21156 | Snake:1  | Reached skill level 12 in Conjurations
 21256 | Snake:1  | Found Vocohoqi's Assorted Antiques.
 21744 | Snake:1  | Killed Aizul
 22081 | Snake:2  | Reached skill level 13 in Conjurations
 22105 | Snake:2  | Found a transporter.
 22111 | Snake:2  | Offered knowledge of Poison Arrow by Vehumet.
 22198 | Snake:2  | HP: 1/114 [sea snake (18)]
 22199 | Snake:2  | Slain by a naga warrior

Vault maps used:
D:1:      onia_arrival_handbag
D:2:      chequers_temple_overflow_minitemple, uniq_terence
D:3:      kennysheep_big_flooded_room, nicolae_overflow_crystal_walls,
          chequers_ecumenical_altar_island, portal_sewer_entry_a,
          nicolae_dithmenos_shadow_blocks
D:4:      nicolae_gozag_cash_rules_everything_around_me
D:5:      kennysheep_mini_moat, first_ration, minmay_misc_feat_four_crosses
D:6:      chequers_temple_overflow_statue_of_worship, serial_shops, shop_statue,
          uniq_pikel, uniq_duvessa, uniq_edmund, uniq_grinder,
          uniq_crazy_yiuf_cottage
D:7:      minmay_temple_entry_glassed_door, st_stairs_3, patterned_corridor
D:8:      grunt_temple_overflow_forces_of_nature, xom_teletrap_fun,
          zin_statuary, serial_shops, nicolae_shop_statue_plus, shop,
          nicolae_shop_behind_doors
D:9:      orc_0_dummy
D:11:     erik_lair_orcish_takeover, uniq_fannar
D:12:     serial_shops, shop, uniq_josephine, uniq_nessos, uniq_gastronok,
          uniq_erolcha
D:13:     basic_altar
D:14:     lightli_vaults_fourway_checkpoint, enter_trove_5, basic_altar,
          lemuel_statue_altar, the_bakery, hangedman_decor_peaks_small,
          hangedman_aviary
Lair:1:   lab_entry_generic, serial_bayou_lagoon_b
Lair:3:   minmay_lindwurm_lava
Lair:4:   swamp_mist_pool, minmay_snake_entry_guardpost_medium, uniq_harold
Lair:6:   evil_forest, minmay_slime_entry_jelly_boxes
Snake:1:  basic_altar, serial_shops, nicolae_shop_crystal, st_stairs_14,
          serial_bayou_shore_b, grunt_megastairs_2, uniq_kirke, uniq_aizul
Snake:2:  gammafunk_its_a_trap, serial_bayou_pond_d, nicolae_large_snake_swirl,
          basic_stair_grate_trap, serial_bayou_shore_a
Lab:      labyrinth_mini_lab
Sewer:    kennysheep_pipe_town

Skill      XL: |  1  2  3  4  5  6  7  8  9 10 11 12 13 14 15 |
---------------+----------------------------------------------+-----
Spellcasting   | 3 4 7 8 10 | 10.0
Charms         | 2 3 |  3.0
Necromancy     | 5 6 7 10 11 | 11.1
Evocations     | 4 |  4.2
Fighting       | 2 4 7 9 |  9.5
Dodging        | 3 4 8 9 |  9.7
Armour         | 3 4 |  4.0
Shields        | 4 |  4.0
Long Blades    | 4 7 |  7.6
Conjurations   | 6 10 13 | 13.1
Ice Magic      | 2 6 |  6.0
Air Magic      | 2 3 |  3.7
Stealth        | |  2.0

Action                   |  1- 3 |  4- 6 |  7- 9 | 10-12 | 13-15 || total
-------------------------+-------+-------+-------+-------+-------++-------
Melee: Dagger            |    12 |       |       |       |       ||    12
       Hand axe          |     6 |    64 |    89 |       |       ||   159
       Flail             |       |       |    53 |   328 |       ||   381
       Long sword        |       |       |       |    44 |   711 ||   755
       Unarmed           |       |       |       |       |     1 ||     1
 Fire: Hunting sling     |       |   128 |       |       |       ||   128
       Blowgun           |       |       |       |       |     2 ||     2
Throw: Javelin           |       |       |       |       |     2 ||     2
       Throwing net      |       |       |       |       |     3 ||     3
 Cast: Pain              |    33 |    13 |    31 |     9 |       ||    86
       Vampiric Draining |     2 |    14 |    31 |   108 |   154 ||   309
       Regeneration      |       |     1 |     7 |    12 |    35 ||    55
       Animate Dead      |       |       |    10 |    33 |    62 ||   105
       Conjure Flame     |       |       |       |       |     6 ||     6
       Freezing Cloud    |       |       |       |       |    14 ||    14
       Bolt of Cold      |       |       |       |       |    18 ||    18
Evoke: Wand              |       |       |    66 |   105 |    55 ||   226
  Use: Scroll            |     3 |       |    10 |    11 |    17 ||    41
       Potion            |       |       |     7 |     1 |    13 ||    21
 Stab: Sleeping          |       |     2 |     6 |     4 |     4 ||    16
       Paralysed         |       |       |       |    19 |       ||    19
       Distracted        |       |       |       |       |     5 ||     5
       Held in net/web   |       |       |       |       |     2 ||     2
  Eat: Chunk             |     2 |     8 |    12 |    19 |    18 ||    59
       Ration            |       |       |     2 |     4 |     8 ||    14
Armor: Robe              |     7 |    17 |    35 |       |       ||    59
       Ring mail         |       |       |     1 |    35 |       ||    36
       Troll leather arm |       |       |       |    66 |   158 ||   224
Dodge: Dodged            |    16 |    82 |   135 |   425 |   626 ||  1284
Block: Other             |     1 |    23 |    43 |    65 |       ||   132
       Reflection        |       |     2 |     3 |     7 |    18 ||    30
       Buckler           |       |       |       |    71 |   415 ||   486
       Rpst.: Long sword |       |       |       |     9 |   162 ||   171

Table legend:
 A = Spawn XP
 B = Non-spawn XP
 C = Spawn XP percentage of total XP
 D = Spawn monster count
 E = Non-spawn monster count
 F = Spawn count percentage of total count
 G = Total turns spent on level
                    A         B        C        D         E        F      G
               +---------+---------+-------+---------+---------+-------+---------
         Total |       0 |  106427 |   0.0 |       0 |     601 |   0.0 | 22199
               +---------+---------+-------+---------+---------+-------+---------
           D:1 |       0 |      22 |   0.0 |       0 |      12 |   0.0 |  1280
           D:2 |       0 |     111 |   0.0 |       0 |      30 |   0.0 |  1127
           D:3 |       0 |     166 |   0.0 |       0 |      39 |   0.0 |   981
           D:4 |       0 |     441 |   0.0 |       0 |      14 |   0.0 |   938
           D:5 |       0 |    1268 |   0.0 |       0 |      13 |   0.0 |  1066
           D:6 |       0 |    1366 |   0.0 |       0 |      25 |   0.0 |  1681
           D:7 |       0 |    1017 |   0.0 |       0 |      16 |   0.0 |  1003
           D:8 |       0 |    1400 |   0.0 |       0 |      17 |   0.0 |   754
           D:9 |       0 |    2086 |   0.0 |       0 |      25 |   0.0 |   831
          D:10 |       0 |    1872 |   0.0 |       0 |      16 |   0.0 |   837
          D:11 |       0 |    5664 |   0.0 |       0 |      47 |   0.0 |   699
          D:12 |       0 |    8902 |   0.0 |       0 |      41 |   0.0 |  1427
          D:13 |       0 |    7677 |   0.0 |       0 |      23 |   0.0 |   944
          D:14 |       0 |    1316 |   0.0 |       0 |       8 |   0.0 |   153
        Lair:1 |       0 |    1827 |   0.0 |       0 |      12 |   0.0 |   686
        Lair:2 |       0 |    3445 |   0.0 |       0 |      19 |   0.0 |   721
        Lair:3 |       0 |    7530 |   0.0 |       0 |      37 |   0.0 |   832
        Lair:4 |       0 |    7786 |   0.0 |       0 |      33 |   0.0 |  1294
        Lair:5 |       0 |   10813 |   0.0 |       0 |      36 |   0.0 |  1110
        Lair:6 |       0 |   17208 |   0.0 |       0 |      62 |   0.0 |  1454
       Snake:1 |       0 |   16451 |   0.0 |       0 |      35 |   0.0 |  1635
       Snake:2 |       0 |    6625 |   0.0 |       0 |      16 |   0.0 |   202
           Lab |       0 |    1192 |   0.0 |       0 |       1 |   0.0 |   176
         Sewer |       0 |     242 |   0.0 |       0 |      24 |   0.0 |   368
               +---------+---------+-------+---------+---------+-------+---------
